 Dungeon Crawl Stone Soup version 0.29.1-debian-1-gc3f1650bb9 (webtiles) character file.

Game seed: 15660372858818668122

6974 IdlyInterested the Basher (level 10, -1/120 HPs)
             Began as a Demonspawn Berserker on Sept 12, 2022.
             Was an Elder of Trog.
             Slain by LnG's ghost (2 damage)
             ... on level 1 of the Lair of Beasts.
             The game lasted 00:32:53 (10703 turns).

IdlyInterested the Basher (Demonspawn Berserker)   Turns: 10703, Time: 00:32:54

Health: -1/120     AC: 19    Str: 31    XL:     10   Next: 81%
Magic:  10/10      EV:  8    Int: 10    God:    Trog [****..]
Gold:   99         SH:  0    Dex: 14    Spells: 9/9 levels left

rFire   . . .      SeeInvis .   L - +5 eveningstar (drain)
rCold   . . .      Faith    +   (no shield)
rNeg    . . .      Spirit   .   P - +0 plate armour
rPois   .          Reflect  .   m - +1 helmet
rElec   .          Harm     .   r - scarf {repulsion}
rCorr   .          Rampage  .   (no gloves)
Will    +....                   s - +1 pair of boots
Stlth   ..........              F - amulet of faith
HPRegen 0.30/turn               D - +6 ring of strength
MPRegen 0.12/turn               u - +6 ring of strength

@: berserking (expiring), repel missiles, very quick
A: icy blue scales 1, ignite blood 1, demonic touch 2, strong-willed 1
a: Renounce Religion, Berserk, Trog's Hand, Brothers in Arms


You were on level 1 of the Lair of Beasts.
You worshipped Trog.
Trog was greatly pleased with you.
You visited 3 branches of the dungeon, and saw 10 of its levels.
You also visited: Bailey.

You collected 517 gold pieces.
You spent 418 gold pieces at shops.

Inventory:

Hand Weapons
 q - a +0 morningstar
 L - a +5 eveningstar of draining (weapon)
Missiles
 b - 12 boomerangs
 j - 19 poisoned darts (quivered)
 l - 6 datura-tipped darts
 x - 5 javelins
 B - 3 curare-tipped darts
Armour
 m - a +1 helmet (worn)
 r - a scarf of repulsion (worn)
 s - a +1 pair of boots (worn)
 v - a +0 robe of cold resistance
 w - a +2 leather armour of poison resistance
 P - a +0 plate armour (worn)
Jewellery
 a - a ring of see invisible
 e - a ring of fire
 u - a +6 ring of strength (right hand)
 y - a ring of protection from cold
 D - a +6 ring of strength (left hand)
 F - an amulet of faith (around neck)
 H - a +4 ring of evasion
 M - a ring of ice
 U - a ring of fire
Wands
 k - a wand of paralysis (3)
 p - a wand of flame (37)
 E - a wand of polymorph (11)
 Q - a wand of digging (3)
 S - a wand of quicksilver (2)
Scrolls
 h - a scroll of teleportation
 o - 6 scrolls of identify
 C - 2 scrolls of enchant armour
 G - 3 scrolls of blinking
 I - 4 scrolls of butterflies
 N - a scroll of immolation {unknown}
 T - a scroll of poison {unknown}
Potions
 c - 5 potions of might
 d - a potion of flight
 f - a potion of ambrosia
 g - 2 potions of attraction
 i - 5 potions of curing
 n - 4 potions of heal wounds
 t - 3 potions of magic
 z - a potion of berserk rage
 A - a potion of mutation
 J - a potion of degeneration {unknown}
 K - a potion of invisibility
 O - 3 potions of resistance
 R - a potion of haste


   Skills:
 + Level 8.0 Fighting
 * Level 10.0 Maces & Flails
 - Level 2.0 Throwing
 + Level 6.2 Armour
 - Level 2.0 Dodging
 - Level 2.0 Stealth
 * Level 6.6 Unarmed Combat
 - Level 2.0 Evocations


You had 9 spell levels left.
You didn't know any spells.
Your spell library was empty.

Dungeon Overview and Level Annotations

Branches:
Dungeon (8/15)             Temple (1/1) D:6            Lair (1/5) D:8
 Bailey (visited)

Altars:
Ashenzari
Cheibriados
Fedhas
Gozag
Hepliaklqana
Makhleb
Nemelex Xobeh
Okawaru
Qazlal
Sif Muna
Trog
Uskayaw
Wu Jian
Xom
Yredelemnul

Shops:
D:1 !([   D:3 (   D:8 **

Annotations:
Lair:1 LnG's ghost, journeyman HOFi


Innate Abilities, Weirdness & Mutations

You are partially covered in icy blue scales. (AC +2)
Your demonic aura sometimes causes spilled blood to erupt in flames.
Your touch may inflict irresistible damage on your foes.
You are strong-willed. (Will+)


Message History

The cane toad gives a loud, deep croak!
You bludgeon LnG's ghost!! Your touch misses LnG's ghost.
LnG's ghost is moderately damaged.
LnG's ghost hits you but does no damage.
You bludgeon LnG's ghost!!
LnG's ghost is heavily damaged.
The cane toad stings you.
* * * LOW HITPOINT WARNING * * *
You closely miss LnG's ghost.
LnG's ghost is heavily damaged.
LnG's ghost hits you but does no damage.
You thump LnG's ghost! Your touch misses LnG's ghost.
LnG's ghost is heavily damaged.
The cane toad stings you.
* * * LOW HITPOINT WARNING * * *
LnG's ghost barely misses you.
You sock LnG's ghost!
LnG's ghost is severely damaged.
The cane toad stings you!
* * * LOW HITPOINT WARNING * * *
LnG's ghost hits you but does no damage.
You completely miss LnG's ghost. Your touch misses LnG's ghost.
LnG's ghost is severely damaged.
The cane toad barely misses you.
You completely miss LnG's ghost.
You touch LnG's ghost!
LnG's ghost is almost destroyed.
LnG's ghost hits you but does no damage.
The cane toad stings you but does no damage.
You barely miss LnG's ghost.
You touch LnG's ghost!
LnG's ghost is almost destroyed.
The cane toad stings you.
* * * LOW HITPOINT WARNING * * *
LnG's ghost hits you.
* * * LOW HITPOINT WARNING * * *
x2 You barely miss LnG's ghost.
LnG's ghost is almost destroyed.
You hit LnG's ghost but do no damage. You punch LnG's ghost.
LnG's ghost is almost destroyed.
The cane toad barely misses you. LnG's ghost hits you.
You die...

###........####P##..............
##........#...P##..#..(....... #
##..........#####.##..........
####..........### #.............
................## #.............
.................# #.............
.#.###.#########.###....P.##....#
#### #.#.# #...#.##.#..####.##.#.
# #.#FH####H#@...#..##P.###.##
##.##H...#.WF.......##..#....
#..#F=.#...F.................
##.##$.#...'.................
#.#..####.#.#...............
#.#.#.....#.................
#.#########.........#.......
#..........).......##.......
#####P#P##.P......###.......


You could see a minotaur, 2 cane toads and LnG's ghost.

Vanquished Creatures
  A rime drake (Lair:1)
  Grinder (D:6)
  Sigmund (D:3)
  12 yaks
  Edmund (D:6)
  3 water moccasins
  2 ice beasts
  A sky beast (D:7)
  4 orc warriors
  An ogre (D:5)
  3 wolves (Lair:1)
  2 centaurs (D:6)
  3 phantoms
  6 bullfrogs
  A necrophage (D:5)
  7 wights
  7 killer bees (D:8)
  A jelly (D:4)
  4 hounds
  Terence (D:2)
  5 orc priests
  An iguana (D:6)
  Ijyb (D:3)
  3 orc wizards
  Natasha (thrice) (D:2)
  Robin (D:2)
  5 gnolls
  9 adders
  A dart slug (D:3)
  16 orcs
  3 ball pythons
  9 bats
  8 endoplasms
  A giant cockroach (D:1)
  26 goblins
  16 hobgoblins
  8 jackals (D:1)
  17 kobolds
  3 quokkas
  A frilled lizard (D:2)
  7 rats
206 creatures vanquished.

Vanquished Creatures (collateral kills)
  An orc warlord (Bailey)
  A bullfrog (Lair:1)
  2 orc wizards (D:6)
  An orc (D:6)
5 creatures vanquished.

Grand Total: 211 creatures vanquished

Notes
Turn   | Place    | Note
-------+----------+-------------------------------------------
     0 | D:1      | IdlyInterested the Demonspawn Berserker began the quest for
                  | the Orb.
     0 | D:1      | Reached XP level 1. HP: 18/18 MP: 1/1
    45 | D:1      | Found Efudgh's Antique Armour Shop.
   323 | D:1      | Reached skill level 3 in Maces & Flails
   392 | D:1      | Gained mutation: Your touch may inflict minor irresistible
                  | damage on your foes. [demonic ancestry]
   392 | D:1      | Reached XP level 2. HP: 18/24 MP: 2/2
   510 | D:1      | Found Fubboe's Distillery.
   757 | D:1      | Found Vocabooph's Weapon Shop.
   812 | D:1      | Reached XP level 3. HP: 20/29 MP: 3/3
  1045 | D:1      | Reached skill level 1 in Unarmed Combat
  1284 | D:1      | Bought a potion of curing for 30 gold pieces
  1340 | D:2      | Reached ** piety under Trog
  1424 | D:2      | Noticed Natasha
  1428 | D:2      | Killed Natasha
  1429 | D:2      | Gained mutation: Your touch may inflict irresistible damage
                  | on your foes. [demonic ancestry]
  1429 | D:2      | Reached XP level 4. HP: 29/35 MP: 4/4
  1578 | D:2      | Noticed Natasha
  1587 | D:2      | Killed Natasha
  1623 | D:2      | Noticed Natasha
  1626 | D:2      | Killed Natasha
  1703 | D:2      | Noticed Terence
  1707 | D:2      | Killed Terence
  1708 | D:2      | Reached skill level 4 in Maces & Flails
  1708 | D:2      | Reached XP level 5. HP: 40/42 MP: 5/5
  1737 | D:2      | Noticed Robin
  1767 | D:2      | Killed Robin
  2051 | D:2      | You fall into a shaft and drop 1 floor!
  2345 | D:1      | Bought a potion of heal wounds for 50 gold pieces
  2386 | D:3      | Found a faded altar of an unknown god.
  2457 | D:3      | Noticed Sigmund
  2457 | D:3      | Found Fasm's Weapon Shop.
  2478 | D:3      | Killed Sigmund
  2479 | D:3      | Reached XP level 6. HP: 48/48 MP: 6/6
  2660 | D:3      | Noticed Ijyb
  2669 | D:3      | Paralysed by Ijyb for 4 turns
  2675 | D:3      | Killed Ijyb
  2955 | D:3      | Bought 6 datura-tipped darts for 28 gold pieces
  2986 | D:4      | Reached *** piety under Trog
  3011 | D:4      | Reached skill level 5 in Maces & Flails
  3314 | D:4      | Noticed a water moccasin
  3324 | D:4      | Killed a water moccasin
  3325 | D:4      | Reached XP level 7. HP: 7/55 MP: 7/7
  3609 | D:4      | Found a burning altar of Makhleb.
  3609 | D:4      | Noticed a balrug
  3612 | D:4      | Noticed a smoke demon
  3612 | D:4      | Noticed a neqoxec
  4367 | D:1      | Bought a potion of curing for 30 gold pieces
  4434 | D:5      | Entered Level 5 of the Dungeon
  4588 | D:5      | Found an ornate altar of the Wu Jian Council.
  4803 | D:5      | Found a snail-covered altar of Cheibriados.
  4909 | D:5      | Reached skill level 5 in Fighting
  4909 | D:5      | Reached skill level 6 in Maces & Flails
  5041 | D:5      | Found an iron altar of Okawaru.
  5163 | D:5      | Found a hide-covered altar of Uskayaw.
  5534 | D:1      | Bought a potion of berserk rage for 50 gold pieces
  5624 | D:6      | Reached XP level 8. HP: 53/62 MP: 8/8
  5882 | D:6      | Noticed Grinder
  5889 | D:6      | Killed Grinder
  6021 | D:6      | Found a staircase to the Ecumenical Temple.
  6079 | Temple   | Entered the Ecumenical Temple
  6321 | D:6      | Noticed Edmund
  6326 | D:6      | Killed Edmund
  6327 | D:6      | Reached skill level 7 in Maces & Flails
  6469 | D:6      | Found a blossoming altar of Fedhas.
  6918 | D:1      | Bought a potion of might for 40 gold pieces
  7063 | D:7      | Reached skill level 1 in Stealth
  7105 | D:7      | Gained mutation: Your demonic aura sometimes causes spilled
                  | blood to erupt in flames. [demonic ancestry]
  7105 | D:7      | Reached XP level 9. HP: 45/70 MP: 9/9
  7473 | D:7      | Reached skill level 8 in Maces & Flails
  7473 | D:7      | Reached skill level 1 in Evocations
  7862 | D:1      | Bought a potion of might for 40 gold pieces
  8055 | D:8      | Found an opulent altar of Gozag.
  8126 | D:8      | Reached skill level 1 in Throwing
  8129 | D:8      | Reached **** piety under Trog
  8168 | D:8      | Found Ypusull's Specific Store.
  8170 | D:8      | Found Igiciny's General Store.
  8203 | D:8      | Reached skill level 5 in Armour
  8249 | D:8      | Found a flagged portal.
  8257 | Bailey   | Entered a bailey
  8299 | Bailey   | Noticed an orc warlord
  8374 | Bailey   | Reached skill level 9 in Maces & Flails
  8374 | Bailey   | Gained mutation: You are partially covered in icy blue
                  | scales. (AC +2) [demonic ancestry]
  8374 | Bailey   | Reached XP level 10. HP: 19/79 MP: 10/10
  8394 | Bailey   | Found a runed translucent gate.
  8401 | Bailey   | Found a runed translucent gate.
  8754 | Bailey   | Found a runed translucent gate.
  8772 | Bailey   | Killed an orc warlord
  8773 | Bailey   | Reached skill level 5 in Unarmed Combat
  8948 | D:8      | Found a staircase to the Lair.
  8977 | D:8      | Found a bloodstained altar of Trog.
  9035 | D:8      | Identified the +0 pair of gloves "Mebaot" {Dex+7 Slay-4}
  9302 | D:1      | Bought a potion of haste for 100 gold pieces
  9428 | D:8      | Bought a potion of heal wounds for 50 gold pieces
  9432 | D:8      | Gained mutation: You are strong-willed. (Will+) [potion of
                  | mutation]
  9433 | D:8      | Acquired a +3 eveningstar of draining
  9445 | Lair:1   | Entered Level 1 of the Lair of Beasts
  9461 | Lair:1   | HP: 3/80 [yak (8)]
  9977 | Lair:1   | Found a runed translucent gate.
  9977 | Lair:1   | Found a runed translucent gate.
  9977 | Lair:1   | Found a runed translucent gate.
  9994 | Lair:1   | Reached skill level 10 in Maces & Flails
 10174 | Lair:1   | Noticed a cane toad
 10175 | Lair:1   | Noticed a cane toad
 10176 | Lair:1   | Noticed a minotaur
 10177 | Lair:1   | Noticed LnG's ghost (journeyman HOFi)
 10701 | Lair:1   | HP: 2/120 [LnG's ghost (5)]
 10703 | Lair:1   | Slain by LnG's ghost

Illustrated notes

Levels and vault maps discovered:
D:1:      lightli_arrival_boilingwater, layout_basic, serial_shops, shop,
          nicolae_shop_stone, shop, minmay_pentomino_p4
D:2:      layout_loops_ring, amcnicky_mini_rare_corridor_liquid, uniq_robin,
          uniq_natasha, uniq_terence
D:3:      layout_rooms, nicolae_ecumenical_pavilion, serial_shops, shop,
          uniq_ijyb, uniq_sigmund
D:4:      layout_rooms, makhleb_altar_promises_db, sigmund_army
D:5:      nicolae_cairo_tiling, layout_basic, kennysheep_okawaru_gauntlet,
          mainiacjoe_overflow_surrounded_room, mainiacjoe_overflow_tiny_flanked,
          nzn_wu_jian_council_hall, minivault_26, hangedman_decor_slide_cut,
          minmay_misc_feat_enclosed, kennysheep_nondescript,
          wad_floor_pattern_untrapped, serial_bayou_lagoon_a,
          hangedman_abyss_or_decor_lesser_grid, minmay_misc_feat_columns
D:6:      layout_basic, kennysheep_mini, temple_pool_b, corexii_corridor_pit,
          uniq_grinder, uniq_edmund
D:7:      layout_rooms, tso_metal_star
D:8:      layout_rooms, grunt_gozag_breadcrumbs, kennysheep_mini_moat,
          lair_entry_dummy, enter_bailey_1, nicolae_specific_store
Temple:   jpeg_temple_island
Lair:1:   layout_hall_layers, maelrawn_ghost_gauntlet_escape,
          grunt_megastairs_4, infiniplex_staircase_pool

Skill      XL: |  1  2  3  4  5  6  7  8  9 10 |
---------------+-------------------------------+-----
Maces & Flails | 3 4 5 6 7 9 10 | 10.0
Armour         | 2 3 4 5 6 |  6.2
Unarmed Combat | 1 2 3 4 6 |  6.6
Fighting       | 4 5 6 7 8 |  8.0
Dodging        | 2 |  2.0
Stealth        | 1 2 |  2.0
Evocations     | 2 |  2.0
Throwing       | 2 |  2.0

Action                   |  1- 3 |  4- 6 |  7- 9 | 10-12 || total
-------------------------+-------+-------+-------+-------++-------
Melee: Mace              |    62 |       |       |       ||    62
       Touch             |     9 |    21 |    37 |    14 ||    81
       Flail             |    23 |   122 |       |       ||   145
       Morningstar       |       |    15 |   251 |    20 ||   286
       Punch             |       |       |     5 |     4 ||     9
       Eveningstar       |       |       |       |    62 ||    62
Throw: Dart              |       |     5 |     7 |     2 ||    14
       Javelin           |       |       |     1 |       ||     1
Invok: Berserk           |     1 |     2 |     5 |     1 ||     9
       Trog's Hand       |       |     2 |     3 |       ||     5
       Brothers in Arms  |       |       |       |     2 ||     2
  Use: Scroll            |     2 |     7 |     7 |     7 ||    23
       Potion            |       |       |     1 |     1 ||     2
 Stab: Sleeping          |     1 |       |       |       ||     1
Armor: Animal skin       |     5 |       |       |       ||     5
       Ring mail         |    21 |     9 |       |       ||    30
       Scale mail        |       |    33 |       |       ||    33
       Chain mail        |       |    26 |   174 |    12 ||   212
       Plate armour      |       |       |       |    56 ||    56
Dodge: Dodged            |    90 |    65 |   126 |    20 ||   301
